 Dungeon Crawl Stone Soup version 0.21.1-1-g345015f (webtiles) character file.

3060 homeworkjunkie the Cleaver (level 9, -2/79 HPs)
             Began as a Hill Orc Fighter on Feb 8, 2018.
             Was a Follower of Okawaru.
             Slain by a vampire (4 damage)
             ... on level 7 of the Dungeon.
             The game lasted 00:11:23 (7483 turns).

homeworkjunkie the Cleaver (Hill Orc Fighter)       Turns: 7483, Time: 00:11:23

Health: -2/79      AC: 15    Str: 26    XL:     9   Next: 87%
Magic:  11/11      EV:  5    Int:  8    God:    Okawaru [*.....]
Gold:   183        SH: 11    Dex: 11    Spells: 8/8 levels left

rFire    + + .     SeeInvis .   k - +5 war axe (flame)
rCold    + + .     Gourm    .   c - +0 shield
rNeg     . . .     Faith    .   j - +0 plate armour
rPois    +         Spirit   .   h - +0 helmet
rElec    +         Reflect  .   u - scarf {rC+ rF+}
rCorr    +         Harm     .   e - +0 pair of gloves
MR       .....                  (no boots)
Stlth    ..........             (no amulet)
HPRegen  0.23/turn              (no ring)
MPRegen  0.12/turn              (no ring)

@: mighty, resistant, very slightly contaminated, invisible
A: no striking features
a: Heroism, Renounce Religion


You were on level 7 of the Dungeon.
You worshipped Okawaru.
Okawaru was aware of your devotion.
You were very full.

You visited 2 branches of the dungeon, and saw 9 of its levels.

You collected 339 gold pieces.
You spent 156 gold pieces at shops.

Inventory:

Hand Weapons
 k - a +5 war axe of flaming (weapon)
Armour
 c - a +0 shield (worn)
 e - a +0 pair of gloves (worn)
 h - a +0 helmet (worn)
 j - a +0 plate armour (worn)
 u - a scarf of resistance (worn)
Wands
 a - a wand of flame (19)
 d - a wand of iceblast (14)
 o - a wand of digging (6)
 t - a wand of scattershot (8)
Scrolls
 g - 2 scrolls of fog
 n - 2 scrolls of identify
 p - 4 scrolls of remove curse
 r - a scroll of teleportation
Potions
 b - a potion of invisibility
 l - 2 potions of brilliance
 s - a potion of resistance
Comestibles
 f - 9 rations


   Skills:
 * Level 7.2 Fighting
 * Level 11.7 Axes
 * Level 6.6 Armour
 + Level 0.3 Dodging
 + Level 0.2 Stealth
 * Level 6.5 Shields
 * Level 3.9 Evocations


You had 8 spell levels left.
You didn't know any spells.

Dungeon Overview and Level Annotations

Branches:
Dungeon (8/15)             Temple (1/1) D:7
   Lair: D:8-11

Altars:
Ashenzari
Dithmenos
Elyvilon
Fedhas
Gozag
Hepliaklqana
Kikubaaqudgha
Makhleb
Nemelex Xobeh
Okawaru
Qazlal
Ru
Sif Muna
Uskayaw
Vehumet
Wu Jian
Xom
Yredelemnul
Zin

Shops:
D:5 (

Annotations:
D:7 1 transporter


Message History

You feel protected. Menkaure barely misses you.
Something hits you but does no damage. Something bites you but does no damage.
You hit something. You burn something. You slash Menkaure! You burn Menkaure.
You destroy Menkaure!
Okawaru accepts your kill. Something hits you.
* * * LOW HITPOINT WARNING * * *
Something bites you but does no damage.
You closely miss something. Something hits you but does no damage.
Something bites you but does no damage.
Your plate armour prevents you from hitting something.
Something hits you but does no damage. Something bites you but does no damage.
Your shield and plate armour prevent you from hitting something.
Something hits you but does no damage. Something bites you but does no damage.
You miss something. Something hits you but does no damage. Something bites you!
* * * LOW HITPOINT WARNING * * *
Something draws strength from your injuries!
You slice something!! You burn something! Something hits you.
You die...

...........###....#..[.).## #####
...........###....#...[..######..
'###>..........©..............#..
.§§....#.#############.##########
'#≈..#.#.#..........©#.#########.
_#§......#...........#...........
'#§..#.#.#..##...##..#...........
.≈§..###.#.V#8.{.8#..#.+########.
..##.....#..##..@##..#.........#.
.#######.#.....©.....#.........#.
.........#..##...##..#.........#.
.........#..#8...8#..#.........##
.........#..##...##..#.........##
..######.#..........?#...........
#.##.....#.($_=⌠$_$}.#..#####'###
#[##.###.#############..# #.#
#.##.#.........©........#####+###


There were no monsters in sight!

Vanquished Creatures
  The ghost of Quirk the Shield-Bearer, a novice GnFi (D:5)
  4 hogs (D:7)
  A human (D:7)
  Menkaure (D:7)
  3 ice beasts
  2 orc warriors
  4 bullfrogs
  A wight (D:7)
  A howler monkey (D:5)
  4 bullfrog zombies (D:5)
  A crimson imp (D:6)
  A centaur zombie (D:5)
  A jelly (D:7)
  2 centaur skeletons
  A hound (D:7)
  3 bullfrog skeletons
  2 orc priests (D:4)
  Crazy Yiuf (D:4)
  3 iguanas
  A worker ant (D:4)
  5 orc wizards
  4 hound zombies (D:5)
  A worker ant zombie (D:6)
  3 howler monkey skeletons
  8 adders
  2 shadow imps
  2 oozes (D:4)
  2 adder skeletons (D:5)
  2 adder zombies (D:5)
  4 worms
  A dart slug (D:1)
  6 leopard geckos
  15 orcs
  9 goblins
  6 hobgoblins
  5 jackals (D:1)
  A quokka (D:4)
  A ball python (D:3)
  5 bats
  A frilled lizard (D:5)
  A giant cockroach zombie (D:5)
  A jackal skeleton (D:5)
  A jackal zombie (D:5)
  5 kobolds
  A quokka skeleton (D:7)
  5 rats
135 creatures vanquished.

Vanquished Creatures (others)
  An orc wizard (D:4)
1 creature vanquished.

Grand Total: 136 creatures vanquished

Notes
Turn   | Place    | Note
-------+----------+-------------------------------------------
     0 | D:1      | homeworkjunkie the Hill Orc Fighter began the quest for the Orb.
     0 | D:1      | Reached XP level 1. HP: 19/19 MP: 1/1
   208 | D:1      | Reached XP level 2. HP: 25/27 MP: 2/2
   470 | D:1      | Reached skill level 3 in Axes
   854 | D:2      | Reached XP level 3. HP: 33/33 MP: 3/3
  1098 | D:3      | Reached XP level 4. HP: 37/40 MP: 4/4
  1135 | D:3      | Reached skill level 4 in Axes
  1218 | D:4      | Found a runed door.
  2766 | D:4      | Noticed Crazy Yiuf
  2776 | D:4      | Killed Crazy Yiuf
  2776 | D:4      | Reached skill level 5 in Axes
  2776 | D:4      | Reached XP level 5. HP: 32/47 MP: 5/5
  3054 | D:5      | Entered Level 5 of the Dungeon
  3054 | D:5      | Noticed Quirk's ghost (novice GnFi)
  3056 | D:5      | Noticed an ice beast
  3159 | D:4      | Reached XP level 6. HP: 43/53 MP: 6/6
  3191 | D:4      | Reached skill level 1 in Evocations
  3198 | D:4      | Reached skill level 6 in Axes
  3390 | D:4      | Noticed an orc warrior
  3395 | D:4      | Killed an orc warrior
  3395 | D:4      | Reached XP level 7. HP: 54/60 MP: 6/8
  3401 | D:4      | Reached skill level 5 in Shields
  3403 | D:4      | Reached skill level 5 in Fighting
  3912 | D:4      | Reached skill level 7 in Axes
  4814 | D:5      | Killed Quirk's ghost
  4814 | D:5      | Reached skill level 9 in Axes
  4814 | D:5      | Reached XP level 8. HP: 27/70 MP: 9/9
  4915 | D:5      | Reached skill level 5 in Armour
  5241 | D:5      | Found an opulent altar of Gozag.
  5367 | D:5      | Found Wopseff's Antique Weapon Shoppe.
  5383 | D:5      | Bought a glowing war axe for 156 gold pieces
  6044 | D:6      | Reached skill level 10 in Axes
  6044 | D:6      | Reached XP level 9. HP: 74/75 MP: 11/11
  6106 | D:7      | Found a transporter.
  6111 | D:7      | Found a transporter.
  6676 | D:7      | Found an opulent altar of Gozag.
  6791 | D:7      | Found a glowing silver altar of Zin.
  6823 | D:7      | Found a staircase to the Ecumenical Temple.
  6832 | Temple   | Entered the Ecumenical Temple
  7013 | Temple   | Became a worshipper of Warmaster Okawaru
  7072 | D:7      | Found a basalt altar of Yredelemnul.
  7073 | D:7      | Found an ancient bone altar of Kikubaaqudgha.
  7073 | D:7      | Noticed Menkaure
  7128 | D:7      | Reached skill level 11 in Axes
  7131 | D:7      | Reached * piety under Okawaru
  7370 | D:7      | Found a white marble altar of Elyvilon.
  7473 | D:7      | HP: 1/79 [Menkaure/nerve-wracking pain (13)]
  7478 | D:7      | Killed Menkaure
  7482 | D:7      | HP: 1/79 [something (7)]
  7483 | D:7      | Slain by a vampire

Skill      XL: |  1  2  3  4  5  6  7  8  9 |
---------------+----------------------------+-----
Axes           | 3 5 6 9 10 11 | 11.7
Fighting       | 4 5 6 7 |  7.2
Shields        | 4 5 6 |  6.5
Evocations     | 1 2 3 |  3.9
Armour         | 4 5 6 |  6.6
Dodging        | |  0.3
Stealth        | |  0.2

Action                   |  1- 3 |  4- 6 |  7- 9 || total
-------------------------+-------+-------+-------++-------
Melee: War axe           |    63 |   160 |   205 ||   428
Evoke: Wand              |       |     4 |     1 ||     5
  Use: Scroll            |     3 |     4 |     1 ||     8
       Potion            |     3 |     2 |     7 ||    12
 Stab: Invisible         |       |     1 |       ||     1
  Eat: Ration            |       |     4 |     4 ||     8
Armor: Scale mail        |    27 |    28 |       ||    55
       Plate armour      |       |    99 |   140 ||   239
Dodge: Dodged            |    28 |    30 |    46 ||   104
Block: Shield            |    38 |    88 |   114 ||   240
